 Dungeon Crawl Stone Soup version 0.29-a0-322-g68df515428 (webtiles) character file.

Game seed: 7585132608151224508

1195 Morbidden the Conjurer (level 8, -2/58 HPs)
             Began as a Demonspawn Conjurer on Apr 8, 2022.
             Was a Believer of Cheibriados.
             Engulfed by a steam dragon's steam (11 damage)
             ... on level 6 of the Dungeon.
             The game lasted 00:09:32 (9034 turns).

Morbidden the Conjurer (Demonspawn Conjurer)        Turns: 9034, Time: 00:09:33

Health: -2/58      AC:  5    Str: 11    XL:     8   Next: 20%
Magic:  3/15       EV: 13    Int: 25    God:    Cheibriados [**....]
Gold:   328        SH:  0    Dex: 17    Spells: 10/17 levels left

rFire   . . .      SeeInvis .   a - staff of conjuration
rCold   . . .      Faith    .   (no shield)
rNeg    . . .      Spirit   .   p - +1 robe
rPois   .          Reflect  .   k - +0 helmet
rElec   .          Harm     .   g - +0 cloak
rCorr   .          Rampage  .   (no gloves)
Will    .....                   (no boots)
Stlth   ++........              (no amulet)
HPRegen 0.19/turn               (no ring)
MPRegen 0.14/turn               (no ring)

@: very slow
A: claws 1, ignite blood 2, weakness stinger 2
a: Renounce Religion, Bend Time


You were on level 6 of the Dungeon.
You worshipped Cheibriados.
Cheibriados was pleased with you.
You visited 2 branches of the dungeon, and saw 7 of its levels.
You also visited: Sewer.

You collected 328 gold pieces.

Inventory:

Missiles
 t - 4 curare-tipped darts (quivered)
Armour
 g - a +0 cloak (worn)
 k - a +0 helmet (worn)
 p - a +1 robe (worn)
Magical Staves
 a - a staff of conjuration (weapon)
Scrolls
 c - 5 scrolls of identify
 o - a scroll of teleportation
 q - a scroll of immolation {unknown}
Potions
 b - 2 potions of curing {unknown}
 d - a potion of brilliance {unknown}
 e - a potion of berserk rage {unknown}
 f - 2 potions of haste
 h - a potion of heal wounds
 i - a potion of magic
 j - a potion of ambrosia {unknown}
 l - 2 potions of mutation {unknown}
 m - a potion of degeneration {unknown}
 n - a potion of experience {unknown}
 r - a potion of invisibility
 s - a potion of lignification {unknown}


   Skills:
 * Level 3.1 Fighting
 * Level 3.1 Dodging
 + Level 2.7 Stealth
 * Level 2.4 Unarmed Combat
 * Level 5.1 Spellcasting
 * Level 6.6 Conjurations
 * Level 0.7 Translocations
 * Level 2.2 Invocations
 + Level 0.5 Evocations


You had 10 spell levels left.
You knew the following spells:

 Your Spells              Type           Power      Damage    Failure   Level
a - Magic Dart            Conj           100%       1d8       1%          1
b - Searing Ray           Conj           100%       2d8       1%          2
c - Iskenderun's Mystic   Conj/Tloc      37%        2d9       19%         4

Your spell library contained the following spells:

 Spells                   Type           Power      Damage    Failure   Level
 Dazzling Flash           Conj/Hex       68%        N/A       6%          3
 Summon Small Mammal      Summ           24%        N/A       9%          1
 Mephitic Cloud           Conj/Pois/Air  26%        N/A       10%         3
 Fulminant Prism          Conj/Hex       17%        3d11      21%         4
 Call Canine Familiar     Summ           6%         N/A       24%         3
 Ignite Poison            Fire/Tmut/Pois 6%         N/A       24%         3
 Summon Guardian Golem    Hex/Summ       6%         N/A       24%         3
 Freezing Cloud           Conj/Ice/Air   13%        6-21      65%         5
 Chain Lightning          Conj/Air       17%        3d22      100%        9
 Fire Storm               Conj/Fire      17%        8d4       100%        9
 Shatter                  Erth           3%         3d7*      100%        9


Dungeon Overview and Level Annotations

Branches:
Dungeon (6/15)             Temple (1/1) D:4           Sewer (visited)

Altars:
Ashenzari
Cheibriados
Dithmenos
Elyvilon
Fedhas
Gozag
Kikubaaqudgha
Makhleb
Okawaru
Ru
Sif Muna
Trog
Uskayaw
Vehumet
Wu Jian
Xom
Zin
The Shining One

Shops:
D:1 ?

Annotations:
D:5 3 runed translucent doors, fly's ghost, novice KoHu


Innate Abilities, Weirdness & Mutations

You have sharp fingernails.
Your demonic aura often causes spilled blood to erupt in flames.
You have a tail ending in a sharp stinger.


Message History

Confirm with . or Enter, or press ? or * to list all spells.
Aiming: Searing Ray (safe; 1% risk of failure)
Press: ? - help, Shift-Dir - straight line, f/p - steam dragon
Aim: a steam dragon (severely wounded, catching its breath, 83% to hit)
You feel a surge of power!
The searing ray misses the steam dragon. (Press . to maintain the ray.)
You are engulfed in a cloud of scalding steam.
The searing ray misses the steam dragon.
You are engulfed in a cloud of scalding steam.
* * * LOW HITPOINT WARNING * * *
The steam dragon misses you.
The steam dragon claws you but does no damage.
The hound bites you.
* * * LOW HITPOINT WARNING * * *
Unknown command.
Unknown command.
Casting: Searing Ray (safe; 1% risk of failure)
Confirm with . or Enter, or press ? or * to list all spells.
Aiming: Magic Dart (safe; 1% risk of failure)
Press: ? - help, Shift-Dir - straight line, f/p - steam dragon
Aim: a steam dragon (steam, severely wounded, 100% to hit)
You feel a surge of power!
The magic dart hits the steam dragon.
The steam dragon is almost dead.
You are engulfed in a cloud of scalding steam.
* * * LOW HITPOINT WARNING * * *
The hound bites you but does no damage. The steam dragon closely misses you.
The steam dragon claws you but does no damage.
Unknown command.
Unknown command.
Casting: Magic Dart (safe; 1% risk of failure)
Confirm with . or Enter, or press ? or * to list all spells.
Aiming: Magic Dart (safe; 1% risk of failure)
Press: ? - help, Shift-Dir - straight line, f/p - steam dragon
Aim: a steam dragon (steam, almost dead, 100% to hit)
You feel a surge of power!
The magic dart hits the steam dragon but does no damage.
The steam dragon is almost dead.
You are engulfed in a cloud of scalding steam.
You die...

#.# #.# #.# #########
#.# .(..>...# #.### ####
.....>..#######...###...
........#...............
..........########.##.##
......D@..)..# #.......
......h.####.# #...<...
<.......# ...........
......$.# ####.......
######### #.......
########


You could see a steam dragon and a hound.

Vanquished Creatures
  Menkaure (D:4)
  A water moccasin (D:4)
  A sky beast (D:5)
  An ogre (D:4)
  A kobold brigand (Sewer)
  A scorpion (D:5)
  3 hounds
  An orc priest (D:3)
  3 orc wizards
  Natasha (thrice) (D:2)
  4 iguanas
  Terence (D:3)
  Robin (D:3)
  7 adders
  6 river rats (Sewer)
  A white imp (D:5)
  2 worms
  4 dart slugs
  14 orcs
  12 ball pythons
  5 endoplasms
  17 goblins
  6 hobgoblins
  3 jackals (D:5)
  11 kobolds
  5 quokkas
  5 bats
  4 frilled lizards
  15 rats
139 creatures vanquished.

Vanquished Creatures (others)
  16 plants (Sewer)
16 creatures vanquished.

Grand Total: 155 creatures vanquished

Notes
Turn   | Place    | Note
-------+----------+-------------------------------------------
     0 | D:1      | Morbidden the Demonspawn Conjurer began the quest for the
                  | Orb.
     0 | D:1      | Reached XP level 1. HP: 13/13 MP: 3/3
   509 | D:1      | Found Tosisero's Magic Scroll Shop.
   551 | D:1      | Discovered your monstrous ancestry.
   551 | D:1      | Gained mutation: You have a small tail. [demonic ancestry]
   551 | D:1      | Reached XP level 2. HP: 13/19 MP: 0/5
   705 | D:1      | Found a faded altar of an unknown god.
  1420 | D:1      | Learned a level 2 spell: Searing Ray
  1748 | D:2      | Gained mutation: You have a tail ending in a sharp stinger.
                  | [demonic ancestry]
  1748 | D:2      | Reached XP level 3. HP: 25/25 MP: 1/6
  1809 | D:2      | You fall into a shaft and drop 1 floor!
  1810 | D:3      | Noticed Robin
  1830 | D:3      | Killed Robin
  2367 | D:2      | Reached skill level 1 in Fighting
  2367 | D:2      | Gained mutation: You have sharp fingernails. [demonic
                  | ancestry]
  2367 | D:2      | Reached XP level 4. HP: 32/32 MP: 2/8
  2421 | D:2      | Noticed Natasha
  2424 | D:2      | Killed Natasha
  2425 | D:2      | Reached skill level 5 in Conjurations
  2481 | D:2      | Found a shadowy altar of Dithmenos.
  3130 | D:2      | Noticed Natasha
  3136 | D:2      | Killed Natasha
  3137 | D:2      | Reached XP level 5. HP: 37/37 MP: 2/9
  3448 | D:2      | Noticed Natasha
  3455 | D:2      | Killed Natasha
  3597 | D:3      | Found a shimmering altar of Xom.
  4408 | D:3      | Noticed Terence
  4444 | D:3      | Killed Terence
  4445 | D:3      | Reached XP level 6. HP: 39/43 MP: 3/11
  4540 | D:3      | Reached skill level 1 in Unarmed Combat
  5032 | D:4      | Found a radiant altar of Vehumet.
  5408 | D:4      | Identified the +9 spear of Gallantry {drain, rC++ rCorr
                  | Str-4}
  5464 | D:4      | Noticed Menkaure
  5470 | D:4      | Killed Menkaure
  5674 | D:4      | Found a staircase to the Ecumenical Temple.
  5712 | Temple   | Entered the Ecumenical Temple
  5802 | Temple   | Became a worshipper of Cheibriados the Contemplative
  5851 | D:4      | Noticed a water moccasin
  5858 | D:4      | Killed a water moccasin
  5859 | D:4      | Reached skill level 6 in Conjurations
  5859 | D:4      | Gained mutation: Your demonic aura sometimes causes spilled
                  | blood to erupt in flames. [demonic ancestry]
  5859 | D:4      | Reached XP level 7. HP: 50/50 MP: 4/13
  6028 | D:4      | Reached skill level 1 in Invocations
  6699 | D:5      | Entered Level 5 of the Dungeon
  6753 | D:5      | Found a glowing drain.
  6782 | D:5      | Reached * piety under Cheibriados
  6852 | Sewer    | Entered a sewer
  7309 | Sewer    | Learned a level 4 spell: Iskenderun's Mystic Blast
  7516 | Sewer    | Gained mutation: Your demonic aura often causes spilled
                  | blood to erupt in flames. [demonic ancestry]
  7516 | Sewer    | Reached XP level 8. HP: 50/57 MP: 6/15
  8197 | D:5      | Reached skill level 5 in Spellcasting
  8418 | D:5      | Found a runed translucent gate.
  8418 | D:5      | Found a runed translucent gate.
  8421 | D:5      | Found a runed translucent gate.
  8421 | D:5      | Found an opulent altar of Gozag.
  8426 | D:5      | Noticed fly's ghost (novice KoHu)
  8578 | D:5      | Reached ** piety under Cheibriados
  9034 | D:6      | Engulfed by a steam dragon's steam

Illustrated notes

Levels and vault maps discovered:
D:1:      dpeg_arrival_subterranean_lakeside_camping, layout_basic,
          basic_ecumenical_altar, serial_shops, shop
D:2:      layout_loops_cross, basic_altar, nrook_campfire, uniq_natasha
D:3:      layout_rooms, general_overflow_altar, nicolae_overflow_hidden_temple,
          uniq_robin, uniq_terence
D:4:      layout_layer_cave, vehumet_altar_wand_db,
          minmay_temple_entry_large_hall, uniq_menkaure
D:5:      layout_loops_ring, ebering_ghost_gozag, cheibrodos_sewer_entry_drain,
          grunt_ministairs_2
D:6:      corexii_shack_village, layout_rooms, serial_shops, shop,
          serial_bayou_pond_a
Temple:   kb_temple_of_zot

Skill      XL: |  1  2  3  4  5  6  7  8 |
---------------+-------------------------+-----
Dodging        | 2 3 |  3.1
Fighting       | 1 2 3 |  3.1
Conjurations   | 5 6 |  6.6
Stealth        | 2 |  2.7
Spellcasting   | 3 4 5 |  5.1
Unarmed Combat | 1 2 |  2.4
Invocations    | 1 2 |  2.2
Translocations | |  0.7
Evocations     | |  0.5

Action                   |  1- 3 |  4- 6 |  7- 9 || total
-------------------------+-------+-------+-------++-------
Melee: Unarmed           |    12 |    28 |   130 ||   170
       Tailslap          |       |     4 |    24 ||    28
       Punch             |       |       |     3 ||     3
 Cast: Magic Dart        |    53 |   122 |    81 ||   256
       Searing Ray       |     6 |     6 |    12 ||    24
Evoke: Wand              |       |     5 |     2 ||     7
  Use: Potion            |     3 |       |       ||     3
       Scroll            |     1 |       |     5 ||     6
 Stab: Sleeping          |       |       |     1 ||     1
Armor: Robe              |     4 |     9 |    40 ||    53
Dodge: Dodged            |    20 |    26 |   108 ||   154

Table legend: (Time is in decaauts)
 A = Elapsed time spent in this place.
 B = Non-inter-level travel time spent in this place.
 C = Inter-level travel time spent in this place.
 D = Time resting spent in this place.
 E = Time spent auto-exploring this place.
 F = Levels seen in this place.
 G = Mean time per level.
                   A        B        C        D        E       F      G
               +--------+--------+--------+--------+--------+-----+--------+
         Total |   9884 |   9668 |    216 |   1059 |   7254 |   8 | 1235.5 |
       Dungeon |   8033 |   7855 |    178 |   1059 |   5971 |   6 | 1338.8 |
        Temple |    129 |     91 |     38 |      0 |     42 |   1 |  129.0 |
         Sewer |   1720 |   1720 |      0 |      0 |   1241 |   1 | 1720.0 |
               +--------+--------+--------+--------+--------+-----+--------+

Top non-repeatable levels by time:
     D:4: 2020 daAuts
     D:2: 1820 daAuts
     D:1: 1738 daAuts
   Sewer: 1720 daAuts
     D:5: 1225 daAuts
     D:3: 1179 daAuts
  Temple: 129 daAuts
     D:6: 49 daAuts
